AoeStats
← Anarki

Nomad

503861998Analyzed
3v3 RM · 28d ago on Sep 2, 2026· 47m 19s· 6 players
Game mode
Random Map
Map size
210×210
Population
200
Speed
Normal
Resources
Standard
Victory
Conquest
Starting age
Dark Age
Ending age
Imperial Age
RankedLock teamsTeams togetherTeam positionsShared explorationLock speedFull tech treeHidden civsTurbo modeCheats
Victory
Defeat
🇷🇺 Mongols · Russia
1163
+14
🇷🇺 Byzantines · Russia
1158
+14
🇷🇺 Vietnamese · Russia
1037
+20
🇬🇹 Malians · Guatemala
1211
-20
🇻🇪 Persians · Venezuela
1131
-17
🇮🇹 Koreans · Italy
1006
-11
CazadorGT
8:43 Loom
15:51 Feudal Age
34:27 Castle Age
33:48 Fletching
37:58 Town Watch
verbumdei76
9:24 Loom
23:24 Feudal Age
28:53 Castle Age
27:19 Double-Bit Axe
40:40 Forging
dejame_ganar
4:55 Loom
14:36 Feudal Age
16:22 Double-Bit Axe
19:04 Castle Age
17:00 Horse Collar
18:12 Forging
23:38 Bloodlines
24:26 Husbandry
29:59 Wheelbarrow
29:10 Town Watch
34:46 Hand Cart
37:03 Imperial Age
34:34 Town Patrol
35:50 Ballistics
35:26 Murder Holes
38:45 Chemistry
38:39 Conscription
42:32 Cavalier
Exilerise
5:00 Loom
13:23 Feudal Age
19:37 Castle Age
18:10 Fishing Lines
30:45 Double-Bit Axe
43:57 Scale Barding Armor
45:30 Bloodlines
46:54 Forging
47:09 Chain Barding Armor
Anarki
4:11 Loom
16:03 Feudal Age
16:36 Double-Bit Axe
16:47 Fishing Lines
20:35 Wheelbarrow
27:40 Castle Age
26:56 Fletching
27:50 Padded Archer Armor
27:45 Crossbowman
28:36 Thumb Ring
28:31 Bodkin Arrow
28:20 Horse Collar
28:56 Bow Saw
29:12 Gold Mining
31:58 Ballistics
33:14 Hand Cart
36:16 Stone Mining
37:15 Heavy Plow
44:09 Imperial Age
43:30 Leather Archer Armor
45:14 Stone Shaft Mining
48:06 Paper Money
47:47 Chatras
Siticus
5:02 Loom
5:06 Loom
14:46 Feudal Age
15:27 Double-Bit Axe
15:36 Gold Mining
16:51 Horse Collar
19:43 Fishing Lines
24:00 Castle Age
25:13 Gillnets
25:05 Pikeman
25:46 Squires
26:17 Bow Saw
26:17 Scale Mail Armor
27:31 Scale Barding Armor
27:37 Heavy Plow
28:10 Forging
28:02 Light Cavalry
32:00 Fletching
35:12 Bodkin Arrow
37:51 Medium Warships
41:35 Husbandry
41:40 Gambesons
41:41 Arson
45:37 Chain Barding Armor
45:52 Iron Casting
45:03 Treadmill Crane
45:44 Ballistics
47:27 Chain Mail Armor
47:47 Iron Casting
49:45 Imperial Age
47:51 Wheelbarrow
47:24 Padded Archer Armor
47:24 Murder Holes
47:39 Fortified Wall
47:20 Guard Tower
Connection lost

Rejoining the realm…

Still unreachable

The connection could not be restored.

Session expired

The server has moved on; the page needs a fresh start.